Map: 新柯尔克辖区 - 锦标赛版 (虚空)

Players

Stephano

  • Race: Zerg Zerg
  • Spawn Location: 5:00

iGXY (XY) - Winner!

  • Race: Terran Terran
  • Spawn Location: 7:00

Event: WESG 2016 Finals

VOD

Have the link to the VOD?

Description

Time

  • Played on: Jan. 12, 2017, 1:08 a.m.
  • Length: 15:32

All games in this series

Show
View Real Time Build Order
Export as new Build Order

Stephano Zerg 

Build Orders: Hatch First 

Get SALT Encoding   

  12  0:01  Drone  
  13  0:13  Overlord  
  13  0:18  Drone  
  14  0:31  Drone x2  
  14  0:35  Drone  
  17  0:53  Hatchery  
  17  0:55  Drone  
  17  0:58  Drone  
  18  1:09  Extractor  
  17  1:14  Spawning Pool  
  17  1:16  Drone  
  17  1:20  Drone  
  18  1:29  Drone  
  19  1:41  Overlord  
  19  2:01  Queen, Zergling x4  
  19  2:04  Queen  
  19  2:05  Drone  
  26  2:09  Metabolic Boost  
  26  2:14  Drone  
  27  2:16  Drone  
  28  2:29  Drone x2  
  30  2:38  Overlord  
  30  2:49  Queen, Hatchery  
  30  2:50  Drone  
  32  2:53  Drone  
  32  2:55  Drone  
  34  2:58  Drone  
  35  3:12  Queen  
  37  3:13  Drone x3  
  37  3:16  Overlord  
  37  3:18  Drone  
  41  3:24  Overlord  
  41  3:26  Drone x2  
  43  3:27  Extractor  
  42  3:34  Roach Warren  
  42  3:35  Drone  
  41  3:44  Drone x2  
  41  3:47  Zergling x6  
  45  3:51  Drone x2  
  45  3:55  Queen  
  47  4:00  Drone x3  
  52  4:04  Overlord  
  52  4:07  Drone  
  53  4:15  Roach x2  
  53  4:16  Drone  
  58  4:20  Roach x2  
  58  4:21  Drone  
  63  4:24  Roach  
  63  4:26  Drone  
  63  4:28  Overlord  
  66  4:39  Roach x3  
  66  4:42  Overlord  
  72  4:47  Spore Crawler  
  72  4:51  Roach x3  
  77  4:54  Drone x2  
  77  4:55  Drone  
  77  4:57  Spore Crawler  
  77  4:58  Drone  
  79  5:02  Drone x2  
  79  5:06  Drone  
  79  5:07  Drone  
  81  5:12  Drone x2  
  82  5:16  Drone x2  
  82  5:17  Drone  
  82  5:20  Drone  
  83  5:23  Spore Crawler  
  83  5:25  Drone  
  83  5:26  Drone  
  84  5:30  Drone, Spore Crawler  
  84  5:31  Drone  
  83  5:39  Overlord  
  83  5:40  Drone x3  
  83  5:42  Lair  
  86  5:44  Extractor  
  86  5:47  Evolution Chamber  
  86  5:49  Evolution Chamber  
  83  5:50  Drone  
  83  5:51  Drone x2  
  83  5:53  Extractor  
  83  5:55  Drone x2  
  83  5:56  Overlord  
  87  6:06  Drone x2  
  87  6:07  Extractor  
  87  6:08  Extractor  
  87  6:09  Overlord x2  
  87  6:19  Zerg Ground Armor Level 1  
  87  6:22  Drone x2  
  87  6:25  Overlord x2  
  89  6:27  Queen  
  89  6:29  Spore Crawler  
  90  6:44  Drone x2  
  90  6:45  Drone, Glial Reconstitution  
  94  6:47  Drone x6  
  94  6:48  Drone x3  
  102  7:00  Spire  
  101  7:04  Hatchery  
  101  7:07  Overlord  
  99  7:10  Overlord x2  
  99  7:12  Drone  
  99  7:14  Zerg Melee Weapons Level 1  
  100  7:18  Infestation Pit  
  100  7:21  Ravager x4  
  100  7:22  Roach x5  
  113  7:23  Roach  
  115  7:42  Drone x2  
  117  7:48  Overlord  
  117  7:49  Drone x5  
  117  7:50  Drone  
  123  7:53  Overlord x2  
  123  7:54  Overlord  
  123  7:55  Pneumatized Carapace  
  123  7:56  Hive  
  123  8:02  Extractor x2  
  121  8:12  Hatchery  
  120  8:18  Drone x3  
  120  8:21  Drone x3  
  120  8:23  Zerg Flyer Armor Level 1  
  120  8:24  Mutalisk x3  
  120  8:25  Spire, Mutalisk x2  
  132  8:31  Drone x3  
  132  8:32  Drone  
  136  8:34  Drone x2  
  138  8:42  Drone x3  
  138  8:43  Drone x2  
  138  8:44  Overlord  
  143  8:49  Spine Crawler  
  143  8:55  Roach x6  
  154  8:56  Roach  
  156  9:05  Spine Crawler  
  156  9:06  Spine Crawler  
  156  9:09  Ravager x3  
  158  9:10  Ravager, Zerg Melee Weapons Level 2  
  156  9:35  Drone  
  156  9:36  Drone x4  
  161  9:40  Greater Spire  
  161  9:41  Zerg Ground Armor Level 2  
  161  9:42  Adrenal Glands  
  157  10:03  Drone x3, Extractor, Spine Crawler  
  157  10:04  Spine Crawler, Extractor  
  157  10:05  Overlord x2  
  156  10:09  Corruptor x6  
  168  10:15  Burrow  
  168  10:19  Pathogen Glands  
  168  10:21  Zerg Flyer Armor Level 2  
  168  10:25  Hatchery  
  158  10:43  Drone x4  
  158  10:48  Drone x7  
  166  10:59  Brood Lord x5  
  166  11:01  Zerg Flyer Weapons Level 1  
  176  11:14  Brood Lord  
  176  11:15  Extractor  
  176  11:18  Drone x8, Extractor  
  181  11:19  Drone  
  185  11:35  Corruptor x5  
  185  11:36  Corruptor x2  
  199  11:44  Spore Crawler x2  
  199  11:45  Spore Crawler  
  196  11:48  Zerg Melee Weapons Level 3  
  196  11:51  Viper  
  199  11:58  Ravager  
  166  12:26  Corruptor x5  
  147  12:46  Brood Lord x6  
  147  12:48  Zergling x30  
  147  12:49  Zergling x18  
  183  12:57  Hatchery  
  182  13:00  Queen x2  
  182  13:04  Corruptor x2  
  160  13:29  Viper x2  
  160  13:33  Drone x4  
  160  13:34  Drone  
  171  13:43  Ravager x2  
  173  13:49  Hatchery  
  170  13:59  Hatchery  
  169  14:03  Ravager  
  169  14:04  Infestor  
  169  14:07  Corruptor  
  175  14:32  Corruptor x4  
  144  15:01  Roach  
  144  15:02  Corruptor x4, Roach x11  
  129  15:13  Zergling x22  
Show
View Real Time Build Order
Export as new Build Order

iGXY Terran - Winner!

Build Orders: Reaper Expand, Hellion Banshee, Mech 

Get SALT Encoding   

  12  0:00  SCV  
  13  0:13  SCV  
  14  0:17  Supply Depot  
  14  0:25  SCV  
  15  0:39  Barracks, SCV  
  16  0:44  Refinery  
  16  0:51  SCV  
  17  1:03  SCV  
  18  1:15  SCV  
  19  1:27  Reaper  
  19  1:28  Orbital Command  
  20  1:41  Command Center  
  20  1:53  SCV  
  21  1:55  Supply Depot  
  21  1:59  Marine  
  22  2:05  SCV  
  22  2:08  Factory  
  23  2:17  Refinery, SCV  
  23  2:22  Barracks Reactor  
  24  2:29  SCV  
  25  2:41  SCV  
  26  2:51  Starport  
  26  2:53  SCV  
  26  2:55  Orbital Command  
  27  3:01  Hellion x2  
  31  3:05  SCV  
  31  3:07  Barracks Tech Lab  
  32  3:17  SCV  
  33  3:20  SCV  
  33  3:23  Hellion x2  
  33  3:25  Supply Depot  
  38  3:30  SCV  
  38  3:32  SCV  
  40  3:35  Cloaking Field  
  40  3:40  Banshee  
  43  3:48  SCV  
  43  3:50  SCV  
  43  3:54  Supply Depot  
  44  3:58  Hellion x2  
  44  4:00  SCV  
  49  4:03  SCV  
  50  4:12  Command Center  
  50  4:16  SCV  
  50  4:17  SCV  
  52  4:22  Supply Depot  
  52  4:23  Banshee  
  55  4:29  Refinery, SCV x2  
  55  4:31  Refinery  
  57  4:35  Supply Depot  
  57  4:41  SCV x2  
  59  4:49  Armory  
  59  4:53  SCV x2  
  55  5:01  Hellion x2  
  55  5:05  SCV  
  55  5:06  Viking  
  56  5:09  SCV  
  57  5:17  SCV  
  57  5:20  Factory  
  58  5:21  SCV  
  58  5:25  Orbital Command  
  58  5:26  Cyclone  
  62  5:33  Cyclone  
  65  5:36  SCV  
  65  5:37  SCV  
  65  5:42  Armory  
  64  5:43  Terran Vehicle Weapons Level 1  
  64  5:48  SCV, Orbital Command  
  65  5:50  Barracks Reactor  
  65  5:51  SCV  
  65  5:52  Factory  
  65  5:55  Starport Reactor  
  66  6:00  SCV  
  66  6:03  SCV, Cyclone  
  71  6:09  Supply Depot x2  
  71  6:12  SCV  
  71  6:15  SCV  
  71  6:17  SCV  
  74  6:22  Refinery  
  74  6:23  Supply Depot  
  74  6:24  SCV  
  75  6:27  Refinery, SCV  
  75  6:29  SCV  
  75  6:31  Siege Tank  
  75  6:32  Cyclone  
  83  6:37  SCV  
  83  6:39  SCV  
  85  6:41  SCV, Cyclone x2  
  89  6:49  SCV, Supply Depot  
  89  6:52  SCV  
  89  6:54  SCV, Terran Vehicle And Ship Armor Level 1  
  92  6:56  Hellion  
  92  7:01  SCV  
  95  7:03  Siege Tank  
  95  7:04  Hellion, SCV  
  95  7:06  SCV  
  95  7:07  Factory  
  102  7:13  SCV  
  102  7:14  Hellion  
  105  7:16  SCV  
  105  7:18  Command Center  
  105  7:21  SCV  
  107  7:23  Barracks Tech Lab  
  107  7:25  SCV  
  107  7:26  Factory  
  108  7:33  Cyclone  
  108  7:34  Cyclone  
  108  7:35  Siege Tank  
  108  7:36  SCV x2  
  119  7:40  SCV  
  120  7:44  Terran Vehicle Weapons Level 2, Engineering Bay  
  120  7:45  Supply Depot  
  120  7:48  SCV x2  
  122  7:54  Factory Tech Lab  
  122  7:57  Cyclone  
  125  8:01  Supply Depot x2  
  125  8:02  Supply Depot  
  125  8:05  Supply Depot  
  125  8:07  Cyclone  
  125  8:11  Viking x2  
  132  8:18  Siege Tank  
  131  8:20  Hellion x2  
  133  8:29  Siege Tank  
  133  8:30  Hellion, Siege Tank  
  141  8:39  Hellion, Missile Turret  
  143  8:42  Missile Turret  
  143  8:43  Command Center  
  143  8:45  Refinery, Missile Turret  
  143  8:46  Viking x2  
  147  8:50  Refinery  
  147  8:52  Terran Vehicle And Ship Armor Level 2  
  147  8:54  Hellion x2  
  158  9:03  Hellion x2  
  158  9:12  Planetary Fortress  
  158  9:15  Missile Turret  
  158  9:16  Thor  
  157  9:31  SCV x3  
  154  9:32  Viking x2  
  154  9:35  Missile Turret  
  156  9:43  SCV x2  
  158  9:47  Thor x2  
  170  9:54  Missile Turret  
  170  9:55  Orbital Command, Missile Turret  
  170  9:58  Missile Turret  
  170  10:02  Viking x2  
  174  10:09  Starport  
  174  10:24  Factory Tech Lab  
  174  10:26  Command Center  
  174  10:28  Terran Vehicle Weapons Level 3  
  174  10:33  Viking x2  
  176  10:39  Thor  
  174  10:44  Thor  
  178  10:51  Viking x2  
  178  10:55  Refinery  
  174  10:58  Orbital Command  
  174  11:00  Thor  
  174  11:03  Cyclone  
  183  11:04  Missile Turret  
  183  11:14  Refinery, Thor  
  183  11:16  Hellion  
  191  11:19  Refinery  
  191  11:22  Hellion  
  193  11:34  Viking  
  193  11:37  Viking x2  
  199  11:51  Terran Vehicle And Ship Armor Level 3  
  199  12:13  Viking  
  188  12:27  Thor x2  
  194  12:38  Cyclone x2  
  200  13:05  Viking  
  191  13:22  Viking x3  
  191  13:26  Thor x2  
  200  13:36  Terran Ship Weapons Level 1  
  200  13:40  Command Center  
  200  13:48  Factory x3  
  200  13:52  Planetary Fortress  
  200  14:15  Refinery  
  200  14:16  Refinery  
  193  14:33  Viking x2  
  191  14:49  Thor x3  
Tags
 
Add a new tag
Caveats
  • Supply blocks, unpowered buildings, or Contaminate may cause inaccurate times.
  • Supply counts are checked every 10 seconds.